[Event "SR 4. liga A21 2009/2010"]
[Site "?"]
[Date "2010.01.24"]
[Round "7.3"]
[White "Lanik, Miroslav"]
[Black "Danada, Tomas"]
[Result "1/2-1/2"]
[ECO "C02"]
[WhiteElo "1745"]
[BlackElo "1789"]
[PlyCount "66"]
[EventDate "2010.??.??"]
[TimeControl "240+2"]

{393MB, Rybka3.ctg, TOMAS-PCXP} 1. e4 e6 2. d4 d5 3. e5 c5 4. c3 Qb6 5. Nf3 Bd7
6. a3 Bb5 7. Be2 Nc6 8. Be3 Bxe2 9. Qxe2 c4 10. Qc2 Nge7 11. Nbd2 Na5 12. Rb1
Qc6 13. O-O Rc8 14. Rfe1 Nf5 15. h3 Be7 16. Nf1 Nb3 17. N3d2 Na5 18. Nf3 h6 19.
Bd2 Nb3 20. Ne3 $11 Nh4 21. Nxh4 Bxh4 22. Nf1 Be7 23. Be3 b5 24. Nd2 Na5 25. f4
g6 26. Nf3 Qb6 27. Qe2 Kd7 28. Nd2 a6 29. Qf3 Qd8 30. Bf2 Qg8 31. g4 h5 32. g5
Qd8 33. h4 Nc6 1/2-1/2

[Event "SR 4. liga A21 2009/2010"]
[Site "?"]
[Date "2010.01.24"]
[Round "7.3"]
[White "Nemeckayova, Monika"]
[Black "Tokos, Rastislav"]
[Result "1-0"]
[ECO "D23"]
[WhiteElo "1822"]
[BlackElo "1926"]
[PlyCount "31"]
[EventDate "2010.??.??"]
[TimeControl "240+2"]

{393MB, Rybka3.ctg, TOMAS-PCXP} 1. d4 d5 2. c4 dxc4 3. Nf3 Nf6 4. Qa4+ Nbd7 5.
Nc3 g6 6. e4 c6 7. Bxc4 b5 8. Bxf7+ Kxf7 9. Ng5+ Ke8 10. Qb3 e6 11. Nxe6 Qb6
12. Bf4 Bb7 13. Bc7 Qa6 14. Ng7+ Bxg7 15. Qe6+ Kf8 16. Bd6# 1-0

[Event "SR 4. liga A21 2009/2010"]
[Site "?"]
[Date "2010.03.07"]
[Round "10.2"]
[White "Bjel, Lubos"]
[Black "Nemsak, Denis"]
[Result "1/2-1/2"]
[ECO "B01"]
[WhiteElo "1621"]
[BlackElo "1645"]
[PlyCount "61"]
[EventDate "2010.??.??"]
[TimeControl "240+2"]

{319MB, Fritz11.ctg} 1. e4 d5 2. exd5 Nf6 3. Nf3 Nxd5 4. Bc4 Bg4 5. h3 Bh5 6.
d3 e6 7. Qe2 Nb6 8. O-O Be7 9. Be3 Bf6 10. c3 O-O 11. Nbd2 Nc6 12. Bc5 Re8 13.
Bb5 Qd7 14. Rfe1 Rad8 15. Ne4 {=} Be7 16. g4 Bg6 17. Ne5 Qd5 18. Bxe7 {=} Rxe7
19. Bxc6 bxc6 20. f4 f6 21. Nxg6 hxg6 22. d4 Kf7 23. b3 Rh8 24. Kh2 {=} Nd7 25.
c4 Qxd4 26. Rad1 Qb6 27. Rxd7 Rxd7 28. Ng5+ Kf8 29. c5 Qb4 {=} 30. Qxe6 Qxf4+
31. Kg1 {=} 1/2-1/2

[Event "SR 4. liga A21 2009/2010"]
[Site "?"]
[Date "2010.03.07"]
[Round "10.2"]
[White "Gono, Michal"]
[Black "Krchnak, Rudolf"]
[Result "1-0"]
[ECO "A46"]
[WhiteElo "1852"]
[BlackElo "1914"]
[PlyCount "86"]
[EventDate "2010.??.??"]
[TimeControl "240+2"]

{319MB, Fritz11.ctg} 1. d4 Nf6 2. Nf3 e6 3. Bg5 Be7 4. e3 b6 5. Bd3 Bb7 6. Nbd2
h6 7. Bh4 d6 8. h3 Nbd7 9. O-O O-O 10. Bg3 a5 11. a4 Ba6 12. Qe2 Bxd3 13. Qxd3
d5 14. Rae1 Nh5 15. Bh2 Bd6 16. Bxd6 cxd6 17. c3 Nhf6 18. e4 dxe4 19. Nxe4 Nxe4
20. Qxe4 Nf6 21. Qc2 Rc8 22. Nd2 Rc6 23. f4 Qb8 24. Qd3 Re8 25. Qb5 Qb7 26. f5
d5 27. Nf3 exf5 28. Rxe8+ Nxe8 29. Qxd5 Qc8 30. Ne5 Rf6 31. Qb5 g6 32. Nd7 Rd6
33. Nxb6 Qb8 34. Nc4 Qxb5 35. axb5 Rd8 36. Nxa5 Nd6 37. c4 Ra8 38. b4 Kf8 39.
b6 Ke8 40. c5 Ne4 41. c6 Nd6 42. b7 Nxb7 43. cxb7 Kd7 1-0

[Event "SR 4. liga A21 2009/2010"]
[Site "?"]
[Date "2010.03.07"]
[Round "10.2"]
[White "Matejovic, Ludovit"]
[Black "Lajda, Dusan"]
[Result "1/2-1/2"]
[ECO "B56"]
[WhiteElo "1609"]
[BlackElo "1872"]
[PlyCount "138"]
[EventDate "2010.??.??"]
[TimeControl "240+2"]

{319MB, Fritz11.ctg} 1. e4 c5 2. Nf3 Nc6 3. Nc3 d6 4. d4 cxd4 5. Nxd4 Nf6 6.
Bb5 Bd7 7. Nxc6 bxc6 8. Bc4 g6 9. Bg5 Bg7 10. Qf3 O-O 11. h3 Rb8 12. Bb3 Qc8
13. Rd1 Be6 14. O-O Re8 15. Rfe1 Nd7 16. Bxe6 fxe6 17. b3 c5 18. Ne2 Ne5 19.
Qg3 Nc6 20. Qh4 Rb7 21. Nf4 Ne5 22. Bh6 Bxh6 23. Qxh6 Rf8 24. Re3 Nf7 25. Qh4
e5 26. Nd5 Qe6 27. Rg3 Nh8 28. Rdd3 a5 29. Rdf3 Rxf3 30. Rxf3 Nf7 31. Qg3 Nd8
32. h4 Nc6 33. c3 Rb8 34. h5 Kg7 35. Qg5 Rb7 36. Ne3 Kh8 37. hxg6 Qxg6 38. Rf8+
Kg7 39. Qxg6+ hxg6 40. Rc8 Na7 41. Re8 Kf7 42. Rh8 Kg7 43. Rh3 Nb5 44. c4 Nd4
45. Nd5 Ne2+ 46. Kf1 Nf4 47. Rf3 Nxd5 48. exd5 a4 49. Ke1 Ra7 50. a3 axb3 51.
Rxb3 Ra4 52. Rc3 e6 53. dxe6 Kf6 54. Kd2 Kxe6 55. Kc2 e4 56. Kb3 Ra8 57. Re3
Kf5 58. f3 exf3 59. Rxf3+ Ke5 60. Rg3 Kf5 61. Rd3 Ra6 62. Kc2 Ke4 63. Rg3 Kf5
64. Rd3 g5 65. Rg3 g4 66. Rd3 Ke4 67. Rg3 Kf4 68. Rd3 Ra4 69. Kb3 Ra6 1/2-1/2

[Event "SR 4. liga A21 2009/2010"]
[Site "?"]
[Date "2010.03.07"]
[Round "10.2"]
[White "Smrek, Peter"]
[Black "Bardik, Jozef"]
[Result "1-0"]
[ECO "B13"]
[WhiteElo "1919"]
[BlackElo "1813"]
[PlyCount "61"]
[EventDate "2010.??.??"]
[TimeControl "240+2"]

{319MB, Fritz11.ctg} 1. e4 c6 2. d4 d5 3. exd5 cxd5 4. c4 Nc6 5. Be3 Nf6 6. Nc3
e6 7. Nf3 Be7 8. h3 O-O 9. Ne5 a6 10. Bd3 dxc4 11. Nxc6 bxc6 12. Bxc4 Bb7 13.
Qd3 Nd5 14. Nxd5 cxd5 15. Bb3 Bb4+ 16. Bd2 Qa5 17. O-O-O Rac8+ 18. Bc2 g6 19.
Kb1 Rc6 20. Bh6 Rfc8 21. Bb3 Bf8 22. Qe3 Bxh6 23. Qxh6 Qb6 24. h4 Qd8 25. h5
Qf6 26. Rh3 Qf5+ 27. Ka1 Qg4 28. a3 Qf5 29. hxg6 fxg6 30. Qxh7+ Kf8 31. Rf3 1-0

[Event "SR 4. liga A21 2009/2010"]
[Site "?"]
[Date "2010.03.07"]
[Round "10.2"]
[White "Strapko, Tomas"]
[Black "Tomasovic, Martin"]
[Result "1-0"]
[ECO "D55"]
[WhiteElo "1595"]
[BlackElo "1534"]
[PlyCount "61"]
[EventDate "2010.??.??"]
[TimeControl "240+2"]

{319MB, Fritz11.ctg} 1. d4 d5 2. c4 Nf6 3. Nc3 e6 4. Bg5 Be7 5. Nf3 h6 6. Bxf6
Bxf6 7. e3 O-O 8. Bd3 dxc4 9. Bxc4 c6 10. O-O b5 11. Bb3 Re8 12. Bc2 Na6 13. a3
Bb7 14. b4 c5 15. bxc5 Nxc5 16. Nxb5 a6 17. Nc3 Nd7 18. Ne4 Be7 19. Qd3 Bxe4
20. Qxe4 Nf6 21. Qd3 g6 22. Ne5 g5 23. f4 Bd6 24. fxg5 hxg5 25. Nxf7 Bxh2+ 26.
Kxh2 Qc7+ 27. Ne5 Ng4+ 28. Kg1 Nxe5 29. dxe5 Qg7 30. Rf6 Qh8 31. Rg6+ 1-0

[Event "SR 4. liga A21 2010/2011"]
[Site "?"]
[Date "2010.10.10"]
[Round "1.5"]
[White "Kupkovic, Miroslav"]
[Black "Danada, Tomas"]
[Result "1-0"]
[ECO "E11"]
[WhiteElo "1818"]
[BlackElo "1838"]
[PlyCount "65"]
[EventDate "2010.??.??"]
[TimeControl "240+2"]

{393MB, Fritz10.ctg} 1. d4 Nf6 2. c4 e6 3. g3 Bb4+ 4. Bd2 Qe7 5. Bg2 Nc6 6. Nf3
Bxd2+ 7. Nbxd2 d6 8. O-O e5 9. d5 Nb8 10. e4 a5 11. Ne1 c6 12. a3 Bg4 13. f3
Bd7 14. Nd3 h5 15. Rf2 g5 16. Qb3 Bc8 17. Nf1 h4 18. g4 h3 19. Bh1 Nbd7 20. Ng3
Nf8 21. dxc6 bxc6 22. Rd1 Qc7 23. Rfd2 Rb8 24. Qc3 Ne6 25. Nf5 c5 26. Nxd6+
Qxd6 27. Nxe5 Qc7 28. Nc6 Qxc6 29. Qxf6 O-O 30. Qh6 Ba6 31. Rd6 Qa4 32. R1d5
Rfc8 33. Rxe6 1-0

[Event "SR 4. liga A21 2010/2011"]
[Site "?"]
[Date "2010.10.24"]
[Round "2.2"]
[White "Danada, Tomas"]
[Black "Matejovic, Ludovit"]
[Result "1-0"]
[ECO "C44"]
[WhiteElo "1838"]
[BlackElo "1610"]
[PlyCount "89"]
[EventDate "2010.??.??"]
[TimeControl "240+2"]

{393MB, Fritz10.ctg} 1. e4 e5 2. Nf3 Nc6 3. Bc4 Bc5 4. d4 exd4 5. Ng5 Ne5 6.
Nxf7 Nxf7 7. Bxf7+ Kf8 8. O-O b6 9. b4 Ba6 10. Bxg8 Rxg8 11. bxc5 Bxf1 12. Kxf1
bxc5 13. Qh5 Qe7 14. Qxh7 Qe6 15. Bf4 Re8 16. Bxc7 Qxe4 17. Bd6+ Kf7 18. Qxe4
Rxe4 19. Nd2 Rh4 20. Nf3 Rh5 21. Re1 Re8 22. Ne5+ Ke6 23. Nd3+ Kf7 24. Rxe8
Kxe8 25. Bxc5 Rxh2 26. Bxa7 Rh1+ 27. Ke2 Ra1 28. Nb4 Rb1 29. a3 Ra1 30. Bxd4
Rxa3 31. Bxg7 Kf7 32. Bd4 Ra4 33. c3 Ke6 34. Ke3 Kf5 35. f3 Ra8 36. g4+ Ke6 37.
f4 Re8 38. Kf3 Kf7 39. Nd3 Rg8 40. Ne5+ Ke7 41. f5 Rc8 42. g5 Rg8 43. Kf4 d6
44. Ng4 Rb8 45. g6 1-0

[Event "SR 4. liga A21 2010/2011"]
[Site "?"]
[Date "2010.11.07"]
[Round "3.5"]
[White "Bjel, Lubos"]
[Black "Sedlak, Rastislav"]
[Result "0-1"]
[ECO "B23"]
[WhiteElo "1665"]
[BlackElo "1560"]
[PlyCount "101"]
[EventDate "2010.??.??"]
[TimeControl "240+2"]

1. e4 c5 2. Nc3 Nc6 3. d3 Nf6 4. f4 e6 5. Nf3 d6 6. Be2 Bd7 7. O-O Be7 8. b3
Qb6 9. Na4 Qc7 10. Bb2 b5 11. Nc3 a6 12. a4 b4 13. Nb1 a5 14. Nbd2 h6 15. e5
Nd5 16. exd6 Bxd6 17. Nc4 Bxf4 18. Bxg7 Rh7 19. Bb2 O-O-O 20. d4 Ne3 21. Nxe3
Bxe3+ 22. Kh1 cxd4 23. Ba6+ Kb8 24. Qd3 f5 25. Bxd4 Bxd4 26. Nxd4 Nxd4 27. Qxd4
Bb5 28. Qxd8+ Qxd8 29. Bxb5 Rc7 30. Bc4 Qf6 31. Rae1 e5 32. Bd3 f4 33. Re3 Rg7
34. Re2 h5 35. Be4 h4 36. Rd1 Kc7 37. Rd5 Rd7 38. Red2 Rxd5 39. Rxd5 Kb6 40.
Rb5+ Ka6 41. Bd3 Ka7 42. Rxa5+ Kb8 43. Rb5+ Kc7 44. Rxb4 e4 45. Bf1 e3 46. Re4
Kb6 47. a5+ Ka7 48. c3 f3 49. Rd4 e2 50. Kg1 f2+ 51. Kh1 0-1

[Event "SR 4. liga A21 2010/2011"]
[Site "?"]
[Date "2010.11.07"]
[Round "3.5"]
[White "Lajda, Dusan"]
[Black "Gubis, Vladimir"]
[Result "1/2-1/2"]
[ECO "C18"]
[WhiteElo "1890"]
[BlackElo "1795"]
[PlyCount "50"]
[EventDate "2010.??.??"]
[TimeControl "240+2"]

1. e4 e6 2. d4 d5 3. Nc3 Bb4 4. e5 c5 5. a3 Bxc3+ 6. bxc3 cxd4 7. cxd4 Nc6 8.
c3 Bd7 9. Bd3 Na5 10. Ne2 Rc8 11. O-O g6 12. Rb1 h5 13. Qc2 Ne7 14. Bg5 Rg8 15.
Bf6 Qc7 16. Rfc1 Nc4 17. Bxc4 dxc4 18. Ng3 Bc6 19. Qe2 Bd5 20. Ne4 Bxe4 21.
Qxe4 Nd5 22. Qf3 Qd7 23. a4 b6 24. Bg5 a6 25. Ra1 Qc7 1/2-1/2

[Event "SR 4. liga A21 2010/2011"]
[Site "?"]
[Date "2010.11.07"]
[Round "3.5"]
[White "Nedorost, Lubomir"]
[Black "Bjel, Tomas"]
[Result "1-0"]
[ECO "C27"]
[WhiteElo "1601"]
[BlackElo "1743"]
[PlyCount "129"]
[EventDate "2010.??.??"]
[TimeControl "240+2"]

1. e4 e5 2. Nc3 Bc5 3. Bc4 Nf6 4. d3 c6 5. f4 d5 6. exd5 cxd5 7. Bb5+ Bd7 8.
fxe5 Qe7 9. Qe2 Ng4 10. Qxg4 d4 11. Bxd7+ Nxd7 12. Qxg7 O-O-O 13. Bg5 f6 14.
Qxe7 Bxe7 15. exf6 Bxf6 16. Ne4 Bxg5 17. Nxg5 Rhg8 18. Nf7 Rde8+ 19. Ne2 Re6
20. Kd2 Rxg2 21. Rae1 h6 22. Kd1 Rf2 23. Rhf1 Rexe2 24. Rxf2 Rxf2 25. Nxh6 Rxh2
26. Nf5 Nc5 27. Nxd4 Na4 28. Kc1 a6 29. b3 Nc5 30. Re8+ Kc7 31. Re5 Kd6 32. Re2
Rh1+ 33. Kb2 Kd5 34. Nf5 Kc6 35. a3 Rf1 36. Ne7+ Kd6 37. d4 Nd7 38. c4 b6 39.
b4 Rf3 40. d5 Ne5 41. Nc8+ Kc7 42. Rxe5 Kxc8 43. Re2 Kc7 44. Rc2 Kd6 45. Rc3
Rf1 46. Re3 Rd1 47. Re6+ Kc7 48. Rc6+ Kb7 49. a4 Rd2+ 50. Kc3 Rd1 51. a5 b5 52.
Rb6+ Ka7 53. cxb5 Rxd5 54. Rxa6+ Kb7 55. Kc4 Rd1 56. Rh6 Rc1+ 57. Kb3 Ka7 58.
Rh7+ Ka8 59. b6 Rc6 60. Ka4 Kb8 61. Kb5 Rc8 62. a6 Rf8 63. Ka5 Re8 64. b5 Rc8
65. a7+ 1-0

[Event "SR 4. liga A21 2010/2011"]
[Site "?"]
[Date "2010.11.07"]
[Round "3.5"]
[White "Nemsak, Denis"]
[Black "Smrek, Peter"]
[Result "1/2-1/2"]
[ECO "A25"]
[WhiteElo "1791"]
[BlackElo "1882"]
[PlyCount "97"]
[EventDate "2010.??.??"]
[TimeControl "240+2"]

1. c4 e5 2. Nc3 Nc6 3. Nf3 g6 4. g3 Bg7 5. Bg2 Nge7 6. O-O O-O 7. a3 a5 8. d3
Nd4 9. e3 Nxf3+ 10. Bxf3 c6 11. Qb3 d6 12. Bg2 Qc7 13. Bd2 Be6 14. Rac1 Rab8
15. Qa4 f5 16. f4 Rfc8 17. Ne2 b6 18. Bc3 b5 19. cxb5 cxb5 20. Qxa5 Qxa5 21.
Bxa5 Nd5 22. Bxd5 Bxd5 23. Bb4 exf4 24. Nxf4 Ba2 25. d4 Bc4 26. Rfe1 d5 27. Rc3
Re8 28. b3 {?} Bxd4 29. bxc4 Bxc3 30. Bxc3 dxc4 31. Nd5 Red8 32. Nb4 {??} Ra8
33. Ra1 Ra4 34. Kf2 Rda8 35. Nc2 Rd8 36. Bd4 c3 37. Rb1 Rd5 38. Nb4 Rd7 39. Nc2
Rd5 40. Ke2 g5 41. Kd3 f4 42. gxf4 gxf4 43. exf4 Rh5 44. Rg1+ Kf7 45. Rg2 Ke6
46. Ke4 Rc4 47. Rf2 Rh4 48. Re2 h5 49. Kf3+ 1/2-1/2

[Event "SR 4. liga A21 2010/2011"]
[Site "?"]
[Date "2010.11.07"]
[Round "3.5"]
[White "Ochotnicky, Eduard"]
[Black "Tomasovic, Martin"]
[Result "1/2-1/2"]
[ECO "C50"]
[WhiteElo "1508"]
[BlackElo "1474"]
[PlyCount "92"]
[EventDate "2010.??.??"]
[TimeControl "240+2"]

1. e4 e5 2. Nf3 Nc6 3. Bb5 a6 4. Bc4 Bc5 5. d3 Nf6 6. Nc3 h6 7. O-O O-O 8. Nd5
d6 9. Qe2 Nxd5 10. Bxd5 Ne7 11. Bb3 Ng6 12. g3 Bg4 13. Kg2 Qd7 14. Rh1 Nf4+ {??
} 15. Bxf4 exf4 16. h3 Bxf3+ 17. Qxf3 fxg3 18. fxg3 Kh8 19. g4 Qe7 20. h4 f6
21. Qf5 Qe5 22. c3 Qxf5 23. exf5 Rae8 24. Rae1 b5 25. d4 Bb6 26. Bd5 b4 27. Re6
bxc3 28. bxc3 Rb8 29. Bc6 Ba5 30. c4 Rb2+ 31. Kf3 Rxa2 32. Rb1 Rc2 33. Re8 Rxe8
34. Bxe8 Bb6 35. Re1 Rc3+ 36. Kg2 Bxd4 37. Re7 Re3 38. Rxe3 Bxe3 39. Kf3 Bc5
40. Ke4 Kg8 41. Kd5 Kf8 42. Ba4 Ke7 43. Kc6 Bb6 44. Kd5 Kf7 45. h5 Ke7 46. Kc6
Kd8 1/2-1/2

[Event "SR 4. liga A21 2010/2011"]
[Site "?"]
[Date "2010.11.21"]
[Round "4.1"]
[White "Danada, Tomas"]
[Black "Berger, Patrik"]
[Result "1-0"]
[ECO "E98"]
[WhiteElo "1856"]
[BlackElo "1720"]
[PlyCount "159"]
[EventDate "2010.??.??"]
[TimeControl "240+2"]

{393MB, Fritz10.ctg} 1. Nf3 Nf6 2. c4 g6 3. Nc3 Bg7 4. e4 d6 5. Be2 O-O 6. O-O
Nc6 7. d4 e5 8. d5 Ne7 9. Ne1 Ne8 10. Nd3 f5 11. f3 f4 12. g4 fxg3 13. hxg3 Nf6
14. Kg2 Bd7 15. Be3 Rf7 16. b4 Nc8 17. Qb3 Nh5 18. Rh1 Qf6 19. Rac1 Ne7 20. c5
Rff8 21. a4 a6 22. a5 Kh8 23. Nb2 Rac8 24. Nc4 Ng8 25. cxd6 cxd6 26. Nb6 Rcd8
27. Nca4 Bh6 28. Rc7 Bxa4 29. Nxa4 Rf7 30. Rxf7 Qxf7 31. Bxh6 Nxh6 32. Qe3 Ng8
33. Rc1 Qd7 34. Nb6 Qe7 35. Qc3 Ngf6 36. Qc7 Re8 37. Nc8 Qxc7 38. Rxc7 Rd8 39.
Nb6 Rb8 40. b5 Ne8 41. Rc3 axb5 42. Bxb5 Nhf6 43. Kf2 Kg7 44. Ke3 Kf7 45. f4
Ke7 46. fxe5 dxe5 47. Bxe8 Nxe8 48. Rc1 h5 49. Kf3 Rd8 50. g4 Kf6 51. gxh5 gxh5
52. Rh1 Ng7 53. Ke3 Kg5 54. Rg1+ Kf6 55. Nc4 Ra8 56. Rb1 Ra7 57. Rb6+ Ke7 58.
Nxe5 Rxa5 59. d6+ Ke8 60. d7+ Kd8 61. Kf4 Ra6 62. Rxb7 Ne6+ 63. Kf5 Ke7 64.
Ng6+ Kd8 65. Ne5 Ke7 66. Rb8 Nd8 67. Rb5 Nc6 68. Rd5 Nd8 69. Ng6+ Kf7 70. Ne5+
Ke7 71. Rb5 Nc6 72. Nxc6+ Rxc6 73. Rd5 Rf6+ 74. Kg5 Rf8 75. Kxh5 Rd8 76. Kg6
Rxd7 77. Rxd7+ Kxd7 78. Kf6 Kd8 79. e5 Ke8 80. Ke6 1-0

[Event "SR 4. liga A21 2010/2011"]
[Site "?"]
[Date "2010.12.05"]
[Round "5.4"]
[White "Dedacek, Miroslav"]
[Black "Ochotnicky, Eduard"]
[Result "0-1"]
[ECO "C50"]
[WhiteElo "1595"]
[BlackElo "1508"]
[PlyCount "74"]
[EventDate "2010.??.??"]
[TimeControl "240+2"]

1. e4 e5 2. Nf3 Nc6 3. Bc4 h6 4. Nc3 Bc5 5. d3 Nf6 6. h3 d6 7. a3 Qe7 8. b4 Bd4
9. Nxd4 Nxd4 10. Ne2 Ne6 11. O-O O-O 12. f4 Nd7 13. f5 Nd8 14. Qe1 Qf6 15. Qg3
Nb6 16. Bb3 c6 17. Bb2 Re8 18. Qf3 a5 19. Qh5 d5 20. exd5 Nxd5 21. Bxd5 cxd5
22. Nf4 Qb6+ 23. Kh1 exf4 24. Rxf4 g5 25. Bd4 Qd6 26. Rf2 axb4 27. a4 Rxa4 28.
Rb1 b3 29. c3 Ra2 30. f6 Kh7 31. h4 g4 32. Rf5 Qg3 33. Bf2 Rxf2 34. Rxf2 Qxf2
35. Qxd5 Re1+ 36. Rxe1 Qxe1+ 37. Kh2 g3# 0-1

[Event "SR 4. liga A21 2010/2011"]
[Site "?"]
[Date "2010.12.05"]
[Round "5.4"]
[White "Gubis, Vladimir"]
[Black "Kicinja, Jan"]
[Result "0-1"]
[ECO "D52"]
[WhiteElo "1795"]
[BlackElo "1808"]
[PlyCount "86"]
[EventDate "2010.??.??"]
[TimeControl "240+2"]

1. d4 d5 2. c4 e6 3. Nc3 Nf6 4. Bg5 Be7 5. e3 c6 6. Nf3 Nbd7 7. Bd3 Bb4 8. O-O
Bxc3 9. bxc3 Qa5 10. Bxf6 Nxf6 11. Qc2 h6 12. Nd2 Qc7 13. e4 dxe4 14. Nxe4 Nxe4
15. Bxe4 Bd7 16. d5 cxd5 17. cxd5 Rc8 18. dxe6 Bxe6 19. Rac1 O-O 20. Rfe1 b6
21. Re3 Qc4 22. Rg3 Rc5 23. Bd3 Qxa2 24. Qxa2 Bxa2 25. Ra1 Ra5 26. Re3 Rd8 27.
Rae1 Be6 28. f4 Kf8 29. R1e2 Rc5 30. Ba6 Bc4 31. Bxc4 Rxc4 32. g3 Rc7 33. Kf2
Rdc8 34. Rc2 b5 35. Ke2 b4 36. c4 Rxc4 37. Rxc4 Rxc4 38. Kd2 a5 39. Re1 b3 40.
Re5 a4 41. Kd3 Rc1 42. Rb5 a3 43. Rxb3 a2 0-1

[Event "SR 4. liga A21 2010/2011"]
[Site "?"]
[Date "2010.12.05"]
[Round "5.4"]
[White "Kurinec, Jozef"]
[Black "Nedorost, Lubomir"]
[Result "0-1"]
[ECO "B54"]
[WhiteElo "1837"]
[BlackElo "1601"]
[PlyCount "54"]
[EventDate "2010.??.??"]
[TimeControl "240+2"]

1. e4 c5 2. Nf3 d6 3. d4 cxd4 4. Nxd4 g6 5. Be3 Bg7 6. Nd2 Nc6 7. N2b3 Nf6 8.
f3 O-O 9. Be2 d5 10. Nxc6 bxc6 11. exd5 cxd5 12. O-O Qc7 13. c3 e6 14. Qe1 Kh8
15. Qh4 Ng8 16. Kh1 a5 17. Bd4 e5 18. Bc5 Bf6 19. Qf2 Rd8 20. Bb6 Qd6 21. Bxd8
Bxd8 22. Qc5 Qe6 23. Bb5 Ne7 24. Qe3 Nf5 25. Qd3 Bb6 26. Rfe1 g5 27. c4 Ng3+
0-1

[Event "SR 4. liga A21 2010/2011"]
[Site "?"]
[Date "2010.12.05"]
[Round "5.4"]
[White "Oravec, Pavol"]
[Black "Sladek, Tibor"]
[Result "1-0"]
[ECO "D02"]
[WhiteElo "1373"]
[BlackElo "1426"]
[PlyCount "61"]
[EventDate "2010.??.??"]
[TimeControl "240+2"]

1. d4 d5 2. Nf3 Nc6 3. Bf4 h6 4. e3 Nf6 5. Nbd2 a6 6. c3 e6 7. Bd3 Bd6 8. Bg3
Bxg3 9. hxg3 Qd6 10. Qc2 Bd7 11. O-O-O O-O-O 12. Nb3 Na7 13. Nc5 Qb6 14. Ne5
Rhf8 15. Rh4 Bb5 16. Rf4 Be8 17. e4 Nh5 18. Rh4 f6 19. Nf3 g5 20. Rh2 Rh8 21.
Rdh1 Bf7 22. Rxh5 Bxh5 23. Rxh5 Qd6 24. exd5 exd5 25. Qb3 Qb6 26. Bf5+ Kb8 27.
Nd7+ Rxd7 28. Qxb6 cxb6 29. Bxd7 Kc7 30. Bf5 Nc6 31. Rh1 1-0

[Event "SR 4. liga A21 2010/2011"]
[Site "?"]
[Date "2010.12.05"]
[Round "5.4"]
[White "Sedlak, Rastislav"]
[Black "Adamec, Jozef"]
[Result "1-0"]
[ECO "C55"]
[WhiteElo "1560"]
[BlackElo "1444"]
[PlyCount "119"]
[EventDate "2010.??.??"]
[TimeControl "240+2"]

1. e4 e5 2. Nf3 Nc6 3. Bc4 h6 4. O-O Nf6 5. Nc3 Be7 6. d4 d6 7. d5 Na5 8. Bd3
b6 9. b4 Nb7 10. h3 Nh7 11. Re1 O-O 12. a4 a5 13. b5 Qe8 14. Ne2 Qd8 15. c4 Kh8
16. Ng3 Rg8 17. Be3 Bf8 18. Nh2 g5 19. Qh5 Nf6 20. Qe2 Rg6 21. f3 Kh7 22. Bc2
Be7 23. Qd2 Qg8 24. Rf1 Bf8 25. Rf2 Bd7 26. Nf5 Nh5 27. g4 Nf4 28. Bxf4 gxf4
29. Rg2 f6 30. Qf2 Nd8 31. Kf1 Nb7 32. Ke2 Nc5 33. Rag1 Bxf5 34. gxf5 Rg7 35.
Ng4 Be7 36. Qh4 Rxg4 37. Rxg4 Qg5 38. Rxg5 fxg5 39. Qh5 Rg8 40. h4 Nd7 41. hxg5
Bxg5 42. Kf1 Rg7 43. Bd1 Nc5 44. f6 Rg6 45. Rxg5 Rxg5 46. Qf7+ Kh8 47. Qxc7 Nd3
48. f7 Kg7 49. Qe7 Kg6 50. f8=N+ Kh5 51. Qxd6 Nb2 52. Bb3 Nd3 53. Qxb6 Rg3 54.
Bd1 Nb2 55. Be2 Nxa4 56. Qf6 Rg5 57. Nh7 Nc5 58. Nxg5 hxg5 59. Qxe5 a4 60. Qe7
1-0

[Event "SR 4. liga A21 2010/2011"]
[Site "?"]
[Date "2011.01.09"]
[Round "6.2"]
[White "Danada, Tomas"]
[Black "Vach, Jozef"]
[Result "1/2-1/2"]
[ECO "D11"]
[WhiteElo "1838"]
[BlackElo "1900"]
[PlyCount "40"]
[EventDate "2010.??.??"]
[TimeControl "240+2"]

{393MB, Fritz10.ctg} 1. Nf3 Nf6 2. d4 d5 3. c4 c6 4. e3 Bg4 5. Qb3 Qb6 6. Ne5
Qxb3 7. axb3 Bh5 8. Nc3 e6 9. c5 Nbd7 10. f4 Nxe5 11. fxe5 Nd7 12. Bd3 Bg6 13.
Bxg6 hxg6 14. e4 Be7 15. O-O O-O 16. exd5 exd5 17. Be3 Rfe8 18. Bf2 Nf8 19. b4
Ne6 20. b5 Rec8 1/2-1/2

[Event "SR 4. liga A21 2010/2011"]
[Site "?"]
[Date "2011.01.23"]
[Round "7.3"]
[White "Kavon, Rastislav"]
[Black "Orvisky, Vladimir"]
[Result "0-1"]
[ECO "B03"]
[WhiteElo "1699"]
[BlackElo "1845"]
[PlyCount "52"]
[EventDate "2010.??.??"]
[TimeControl "1500"]

1. e4 Nf6 2. e5 Nd5 3. c4 Nb6 4. d4 d6 5. f4 dxe5 6. fxe5 Nc6 7. Nf3 Bg4 8. Be3
e6 9. Nc3 Be7 10. Be2 O-O 11. O-O f6 12. c5 Nd5 13. Nxd5 Qxd5 14. h3 Bh5 15.
exf6 Bxf6 16. g4 Bg6 17. Qa4 Qe4 18. Qb3 Nxd4 19. Bxd4 Bxd4+ 20. Nxd4 Qxd4+ 21.
Kg2 Be4+ 22. Bf3 Bxf3+ 23. Rxf3 Rxf3 24. Kxf3 Rf8+ 25. Kg2 Rf2+ 26. Kh1 Qe4+
0-1

[Event "SR 4. liga A21 2010/2011"]
[Site "?"]
[Date "2011.01.23"]
[Round "7.3"]
[White "Matejovic, Ludovit"]
[Black "Jablonicky, Boris"]
[Result "1-0"]
[ECO "C55"]
[WhiteElo "1610"]
[BlackElo "1745"]
[PlyCount "71"]
[EventDate "2010.??.??"]
[TimeControl "1500"]

1. e4 e5 2. Nf3 Nc6 3. Bc4 Be7 4. Nc3 Nf6 5. d4 exd4 6. Nxd4 O-O 7. Nxc6 bxc6
8. e5 Ne8 9. Qh5 d6 10. Bf4 Be6 11. Bd3 g6 12. Qf3 d5 13. Bh6 Ng7 14. Qf4 a6
15. h4 c5 16. g4 c4 17. Be2 Rb8 18. Nd1 a5 19. g5 a4 20. h5 c6 21. Qh2 Bxg5 22.
hxg6 Bh4 23. gxh7+ Kxh7 24. Bxg7 Kxg7 25. Qxh4 Qxh4 26. Rxh4 Bf5 27. Ne3 Bg6
28. Kd2 Rxb2 29. Rg4 f5 30. Rf4 Bh7 31. Rg1+ Kf7 32. Nxf5 Ke6 33. Nd4+ Ke7 34.
Rg7+ Ke8 35. Rxf8+ Kxf8 36. Rxh7 1-0

[Event "SR 4. liga A21 2010/2011"]
[Site "?"]
[Date "2011.01.23"]
[Round "7.3"]
[White "Nemsak, Denis"]
[Black "Jablonicky, Martin"]
[Result "1-0"]
[ECO "D85"]
[WhiteElo "1791"]
[BlackElo "1884"]
[PlyCount "95"]
[EventDate "2010.??.??"]
[TimeControl "1500"]

1. c4 Nf6 2. Nc3 d5 3. cxd5 Nxd5 4. d4 g6 5. e4 Nxc3 6. bxc3 Bg7 7. Nf3 O-O 8.
Be3 c5 9. Bc4 Qa5 10. Qb3 e6 11. O-O Nc6 12. Rfd1 cxd4 13. cxd4 Qb4 14. Qxb4
Nxb4 15. Rab1 Nc6 16. d5 Na5 17. Be2 exd5 18. exd5 Bf5 19. Rb5 b6 20. Nd4 Bc8
21. Bf3 Ba6 22. Rb4 Rad8 23. Nc6 Nxc6 24. dxc6 Rxd1+ 25. Bxd1 Rd8 26. Bf3 Bc8
27. Ra4 a6 28. Bxb6 Re8 29. Be3 Bh6 30. Ra3 Bxe3 31. fxe3 Kf8 32. Kf2 Ke7 33.
Be2 Be6 34. Rxa6 Kd6 35. Bf3 Rb8 36. Ra3 Rb2+ 37. Kg3 Rxa2 38. Rxa2 Bxa2 39.
Kf4 Be6 40. g4 f6 41. h4 Bc4 42. g5 f5 43. e4 fxe4 44. Bxe4 Be6 45. Bf3 Bc8 46.
Ke4 Kxc6 47. Ke5+ Kc5 48. Bd5 1-0

[Event "SR 4. liga A21 2010/2011"]
[Site "?"]
[Date "2011.01.23"]
[Round "7.3"]
[White "Oravec, Pavol"]
[Black "Lezovic, Martin"]
[Result "1-0"]
[ECO "C55"]
[WhiteElo "1373"]
[BlackElo "1516"]
[PlyCount "115"]
[EventDate "2010.??.??"]
[TimeControl "1500"]

1. e4 e5 2. Nf3 Nc6 3. Bc4 Be7 4. O-O Nf6 5. Re1 d6 6. c3 O-O 7. d4 h6 8. h3
Nh7 9. Nbd2 Ng5 10. Nf1 Bf6 11. d5 Na5 12. Bd3 b6 13. Ng3 Nb7 14. Be3 Nc5 15.
Bc2 Re8 16. Nd2 Nd7 17. Qh5 Nf8 18. Ba4 Bd7 19. Bxd7 Qxd7 20. h4 Ngh7 21. Nf5
Ng6 22. g3 Ne7 23. Rad1 Kh8 24. Qg4 g6 25. Nxh6 Qxg4 26. Nxg4 Bg7 27. Nf3 f5
28. exf5 gxf5 29. Ngh2 Nf6 30. Ng5 Nexd5 31. Nf1 Nxe3 32. Nxe3 f4 33. Nf5 fxg3
34. fxg3 Nh5 35. Kh2 Kg8 36. Rf1 Rac8 37. Nxg7 Kxg7 38. Rf7+ Kg8 39. Rdf1 Ng7
40. g4 Rf8 41. Kg3 Rxf7 42. Rxf7 Ne6 43. Rf5 Nf4 44. h5 Kg7 45. Rf7+ Kg8 46. h6
Ne2+ 47. Kf2 Nf4 48. Rg7+ Kf8 49. Nh7+ Ke8 50. Nf6+ Kf8 51. Rg8+ Kf7 52. Rxc8
Kxf6 53. Rxc7 e4 54. h7 Ng6 55. Ke3 Nh8 56. Kxe4 Kg6 57. Rxa7 Nf7 58. Rxf7 1-0

[Event "SR 4. liga A21 2010/2011"]
[Site "?"]
[Date "2011.01.23"]
[Round "7.3"]
[White "Rau, Vladimir"]
[Black "Sedlak, Rastislav"]
[Result "1/2-1/2"]
[ECO "D12"]
[WhiteElo "1637"]
[BlackElo "1560"]
[PlyCount "68"]
[EventDate "2010.??.??"]
[TimeControl "1500"]

1. d4 d5 2. c4 c6 3. Nc3 Bf5 4. Nf3 Nf6 5. e3 e6 6. Be2 Be7 7. O-O O-O 8. b3
Bb4 9. Bb2 Qa5 10. Qc1 Nbd7 11. a3 Be7 12. Nh4 Bg6 13. Nxg6 fxg6 14. b4 Qc7 15.
c5 e5 16. f3 exd4 17. exd4 b5 18. Qc2 a5 19. Rfb1 axb4 20. axb4 Nh5 21. Bc1 Nf4
22. Be3 Nxe2+ 23. Nxe2 g5 24. Ng3 g6 25. Re1 Bf6 26. Qb3 Kg7 27. Ra2 Ra7 28.
Rxa7 Qxa7 29. f4 gxf4 30. Bxf4 Bxd4+ 31. Be3 Bxe3+ 32. Qxe3 Nf6 33. Qg5 Kh8 34.
Qe5 Qf7 1/2-1/2